 Dungeon Crawl Stone Soup version 0.31.0-11-ge490571c62 (webtiles) character file.

Game seed: 4544346523913834549

221 magipi the Digger (level 5, -3/38 HPs)
             Began as a Gnoll Earth Elementalist on Jan 29, 2024.
             Was an Initiate of Makhleb.
             Succumbed to Eustachio's poison
             ... on level 4 of the Dungeon.
             The game lasted 00:08:36 (2785 turns).

magipi the Digger (Gnoll Earth Elementalist)        Turns: 2785, Time: 00:08:37

Health: -3/38      AC:  2    Str:  7    XL:     5   Next: 98%
Magic:  4/12       EV: 13    Int: 17    God:    Makhleb [......]
Gold:   98         SH:  0    Dex: 12    Spells: 7/14 levels left

rFire   . . .        a - +1 dagger (venom)
rCold   . . .        (no shield)
rNeg    . . .        d - +0 robe
rPois   .            (no helmet)
rElec   .            (no cloak)
rCorr   .            (no gloves)
SInv    .            (no boots)
Will    .....        (no amulet)
Stlth   +++          (no ring)
HPRegen 0.26/turn    (no ring)
MPRegen 0.13/turn

%: no passive effects
@: lethally poisoned (-3 -> -34)
A: fangs 1, strong nose, distributed training
a: Renounce Religion


You were on level 4 of the Dungeon.
You worshipped Makhleb.
Makhleb was noncommittal.
You visited 2 branches of the dungeon, and saw 5 of its levels.

You collected 223 gold pieces.
You spent 125 gold pieces at shops.

Inventory:

Hand Weapons
 a - a +1 dagger of venom (weapon)
 b - a +3 dagger of speed
Missiles
 g - 4 curare-tipped darts
 i - 9 poisoned darts
 n - 9 boomerangs
 q - 4 silver javelins
Armour
 d - a +0 robe (worn)
Jewellery
 k - a ring of ice
Scrolls
 c - 2 scrolls of enchant weapon {unknown}
 h - 2 scrolls of teleportation {unknown}
 l - a scroll of acquirement {unknown}
 o - a scroll of identify {unknown}
 p - a scroll of fog {unknown}
 r - a scroll of revelation {unknown}
Potions
 e - 2 potions of attraction {unknown}
 f - a potion of might {unknown}
 j - a potion of mutation {unknown}
 m - 2 potions of ambrosia {unknown}
 s - a potion of brilliance {unknown}
 t - a potion of magic
 u - a potion of invisibility {unknown}


   Skills:
 + Level 1.8 Fighting
 + Level 1.8 Short Blades
 + Level 1.8 Long Blades
 + Level 1.8 Axes
 + Level 1.8 Maces & Flails
 + Level 1.8 Polearms
 + Level 1.8 Staves
 + Level 1.8 Ranged Weapons
 + Level 1.8 Throwing
 + Level 1.8 Armour
 + Level 4.9 Dodging
 + Level 4.5 Stealth
 + Level 1.8 Shields
 + Level 1.8 Unarmed Combat
 + Level 5.3 Spellcasting
 + Level 2.5 Conjurations
 + Level 1.4 Hexes
 + Level 1.4 Summonings
 + Level 1.4 Necromancy
 + Level 1.4 Translocations
 + Level 1.4 Fire Magic
 + Level 1.4 Ice Magic
 + Level 1.4 Air Magic
 + Level 5.6 Earth Magic
 + Level 1.4 Alchemy
 + Level 2.0 Invocations
 + Level 1.8 Evocations
 + Level 1.6 Shapeshifting


You had 7 spell levels left.
You knew the following spells:

 Your Spells              Type           Power      Damage    Failure   Level
a - Sandblast             Erth           46%        2d11      1%          1
s - Stone Arrow           Conj/Erth      36%        3d9       8%          3
w - Passwall              Erth           23%        N/A       4%          3

Your spell library contained the following spells:

 Spells                   Type           Power      Damage    Failure   Level
 Sting                    Conj/Alch      44%        1d5       6%          1
 Apportation              Tloc           18%        N/A       8%          1
 Necrotise                Necr           36%        1d5       8%          1
 Summon Small Mammal      Summ           36%        N/A       8%          1
 Call Imp                 Summ           18%        N/A       12%         2
 Sublimation of Blood     Necr           9%         N/A       12%         2
 Brom's Barrelling Bould  Conj/Erth      18%        2d4       26%         4
 Petrify                  Alch/Erth      16%        N/A       32%         4
 Summon Hydra             Summ           4%         N/A       100%        7


Dungeon Overview and Level Annotations

Branches:
Dungeon (4/15)             Temple (1/1) D:4

Altars:
Ashenzari
Cheibriados
Dithmenos
Elyvilon
Fedhas
Gozag
Hepliaklqana
Kikubaaqudgha
Makhleb
Nemelex Xobeh
Okawaru
Qazlal
Ru
Sif Muna
Trog
Uskayaw
Vehumet
Wu Jian
Yredelemnul
Zin
The Shining One

Shops:
D:1 (   D:4 (

Annotations:
D:4 Eustachio


Innate Abilities, Weirdness & Mutations

You have very sharp teeth.
Your uncanny sense of smell can sniff out nearby items.
Your experience applies equally to all skills.


Message History

Aiming: Stone Arrow (dangerous; 8% risk of failure)
Press: ? - help, Shift-Dir - straight line, f - Eustachio
Aim: Eustachio, wielding a +4 rapier of venom and wearing a +0 leather armour (56% to hit)
The stone arrow misses Eustachio.
Eustachio hits you with a +4 rapier of venom.
Unknown command.
Casting: Stone Arrow (dangerous; 8% risk of failure)
Confirm with . or Enter, or press ? or * to list all spells.
Aiming: Sandblast (safe; 1% risk of failure)
Press: ? - help, Shift-Dir - straight line, f/p - Eustachio
Aim: Eustachio, wielding a +4 rapier of venom and wearing a +0 leather armour (76% to hit)
The blast of sand hits Eustachio!
Eustachio is moderately wounded.
Eustachio hits you with a +4 rapier of venom!
You are poisoned.
Eustachio hits you with a +4 rapier of venom!
You are lethally poisoned!
Casting: Sandblast (safe; 1% risk of failure)
Confirm with . or Enter, or press ? or * to list all spells.
Aiming: Sandblast (safe; 1% risk of failure)
Press: ? - help, Shift-Dir - straight line, f/p - Eustachio
Aim: Eustachio, wielding a +4 rapier of venom and wearing a +0 leather armour (moderately wounded, 76% to hit)
The blast of sand hits Eustachio!
Eustachio is heavily wounded.
* * * LOW HITPOINT WARNING * * *
You feel extremely sick.
Eustachio hits you with a +4 rapier of venom.
* * * LOW HITPOINT WARNING * * *
You are more poisoned.
Unknown command.
Unknown command.
Unknown command.
Casting: Sandblast (safe; 1% risk of failure)
Confirm with . or Enter, or press ? or * to list all spells.
Aiming: Stone Arrow (dangerous; 8% risk of failure)
Press: ? - help, Shift-Dir - straight line, f/p - Eustachio
Aim: Eustachio, wielding a +4 rapier of venom and wearing a +0 leather armour (heavily wounded, 56% to hit)
The stone arrow hits Eustachio!
Eustachio is almost dead.
You die...

## ### .
..# # #.
#.# #...
##.##.#
#...
.....#
....
#.#@.#
#..
#.##.#.@#
#
#.......#
#
#.###..##
#
#.###..#
#......#
#####.##
#######.#
#.......#
###
#.#######


You could see Eustachio.

Vanquished Creatures
  A bombardier beetle (D:2)
  An orc priest (D:4)
  An orc wizard (D:3)
  7 adders
  A dart slug (D:4)
  3 ribbon worms
  5 orcs
  4 endoplasms
  2 giant cockroaches (D:1)
  3 goblins
  6 hobgoblins
  3 jackals (D:1)
  2 quokkas
  6 ball pythons
  4 bats
  5 frilled lizards
  4 kobolds
  6 rats
64 creatures vanquished.

Notes
Turn   | Place    | Note
-------+----------+-------------------------------------------
     0 | D:1      | magipi the Gnoll Earth Elementalist began the quest for the
                  | Orb.
     0 | D:1      | Reached XP level 1. HP: 13/13 MP: 6/6
   213 | D:1      | Reached XP level 2. HP: 19/19 MP: 4/7
   303 | D:1      | Found Aklauc's Weapon Boutique.
   901 | D:2      | Reached skill level 5 in Spellcasting
   901 | D:2      | Reached XP level 3. HP: 25/25 MP: 5/9
   905 | D:2      | Learned a level 3 spell: Passwall
   909 | D:2      | Learned a level 3 spell: Stone Arrow
   968 | D:2      | Reached skill level 1 in Invocations
  1006 | D:2      | Reached skill level 1 in Fighting
  1006 | D:2      | Reached skill level 1 in Short Blades
  1006 | D:2      | Reached skill level 1 in Long Blades
  1006 | D:2      | Reached skill level 1 in Axes
  1006 | D:2      | Reached skill level 1 in Maces & Flails
  1006 | D:2      | Reached skill level 1 in Polearms
  1006 | D:2      | Reached skill level 1 in Staves
  1006 | D:2      | Reached skill level 1 in Ranged Weapons
  1006 | D:2      | Reached skill level 1 in Throwing
  1006 | D:2      | Reached skill level 1 in Armour
  1006 | D:2      | Reached skill level 1 in Shields
  1006 | D:2      | Reached skill level 1 in Unarmed Combat
  1006 | D:2      | Reached skill level 1 in Evocations
  1152 | D:2      | Reached skill level 1 in Shapeshifting
  1152 | D:2      | Reached XP level 4. HP: 25/32 MP: 8/11
  1214 | D:2      | Reached skill level 1 in Hexes
  1214 | D:2      | Reached skill level 1 in Summonings
  1214 | D:2      | Reached skill level 1 in Necromancy
  1214 | D:2      | Reached skill level 1 in Translocations
  1214 | D:2      | Reached skill level 1 in Fire Magic
  1214 | D:2      | Reached skill level 1 in Ice Magic
  1214 | D:2      | Reached skill level 1 in Air Magic
  1214 | D:2      | Reached skill level 1 in Alchemy
  1547 | D:2      | Reached XP level 5. HP: 37/37 MP: 10/12
  1994 | D:3      | Found a faded altar of an unknown god.
  2417 | D:4      | Found Lyurph's Antique Weapon Shop.
  2422 | D:4      | Bought a runed dagger for 125 gold pieces
  2473 | D:4      | Found a staircase to the Ecumenical Temple.
  2484 | Temple   | Entered the Ecumenical Temple
  2552 | Temple   | Became a worshipper of Makhleb the Destroyer
  2780 | D:4      | Noticed Eustachio
  2785 | D:4      | Succumbed to Eustachio's poison

Illustrated notes

Levels and vault maps discovered:
D:1:      amcnicky_arrival_underground_garden, layout_loops_ring, serial_shops,
          shop
D:2:      layout_loops_ring
D:3:      layout_basic, hellmonk_ecumenical_altar_zigzags
D:4:      layout_loops_cross, minmay_temple_entry_enclosed_plants, serial_shops,
          nicolae_shop_trees, uniq_eustachio
Temple:   regret_index_temple_sigil_plot

Skill      XL: |  1  2  3  4  5 |
---------------+----------------+-----
Conjurations   | 2 |  2.5
Spellcasting   | 5 |  5.3
Invocations    | 1 2 |  2.0
Fighting       | 1 |  1.8
Short Blades   | 1 |  1.8
Long Blades    | 1 |  1.8
Axes           | 1 |  1.8
Maces & Flails | 1 |  1.8
Polearms       | 1 |  1.8
Staves         | 1 |  1.8
Ranged Weapons | 1 |  1.8
Throwing       | 1 |  1.8
Armour         | 1 |  1.8
Shields        | 1 |  1.8
Unarmed Combat | 1 |  1.8
Evocations     | 1 |  1.8
Shapeshifting  | 1 |  1.6
Hexes          | 1 |  1.4
Summonings     | 1 |  1.4
Necromancy     | 1 |  1.4
Translocations | 1 |  1.4
Fire Magic     | 1 |  1.4
Ice Magic      | 1 |  1.4
Air Magic      | 1 |  1.4
Alchemy        | 1 |  1.4
Dodging        | |  4.9
Stealth        | |  4.5
Earth Magic    | |  5.6

Action                     |  1- 3 |  4- 6 || total
---------------------------+-------+-------++-------
  Melee: Dagger            |     6 |    13 ||    19
         Bite              |       |     1 ||     1
   Cast: Sandblast         |    40 |    40 ||    80
         Stone Arrow       |       |     2 ||     2
   Stab: Sleeping          |     5 |     5 ||    10
 Armour: Robe              |     7 |    11 ||    18
  Dodge: Dodged            |     5 |     6 ||    11
